[Event "Titled Tuesday Blitz May 9 Early 2023"]
[White "Horak, Martin"]
[Black "Mekhitarian, Krikor Sevag"]
[WhiteFideId "367095"]
[BlackFideId "2107660"]
[WhiteElo "2091"]
[BlackElo "2604"]
[Result "0-1"]
[Round "03"]
[TimeControl "180+2"]
[Date "2023.05.09"]
[WhiteClock "0:00:02"]
[BlackClock "0:00:51"]

1. e4 e6 2. d4 d5 3. Nd2 c5 4. Ngf3 cxd4 5. Nxd4 Nf6 6. Bd3 e5 7. N4f3 dxe4 8. Nxe4 Nxe4 9. Bxe4 Qxd1+ 10. Kxd1 f6 11. c3 Na6 12. Be3 Nc5 13. Bd5 Bf5 14. Ke2 Bd3+ 15. Kd2 O-O-O 16. Bxc5 Rxd5 17. Bxf8 Rxf8 18. Ke1 Rfd8 19. Rd1 Be4 20. Rxd5 Bxd5 21. Ke2 Bxa2 22. Nd2 Bd5 23. f3 a6 24. Ra1 Kc7 25. h4 Bc6 26. g4 Bb5+ 27. c4 Bc6 28. Nb3 Bxf3+ 29. Kxf3 Rd3+ 30. Ke4 Rxb3 31. Kf5 Rxb2 32. Ke6 Rg2 33. g5 fxg5 34. hxg5 Rxg5 0-1


[Site "https://www.chess.com"]

[Event "Titled Tuesday Blitz May 9 Early 2023"]
[White "Rodchenkov, Sergey D."]
[Black "Kravtsiv, Martyn"]
[WhiteFideId "4168712"]
[BlackFideId "14113147"]
[WhiteElo "2277"]
[BlackElo "2695"]
[Result "0-1"]
[Round "03"]
[TimeControl "180+2"]
[Date "2023.05.09"]
[WhiteClock "0:00:00"]
[BlackClock "0:00:49"]

1. e4 e5 2. Nf3 Nc6 3. Bc4 Nf6 4. d3 Bc5 5. O-O O-O 6. c3 d5 7. exd5 Nxd5 8. Nbd2 Bg4 9. a4 Nb6 10. Bb5 a6 11. Bxc6 bxc6 12. Ne4 Bd6 13. h3 Bh5 14. Ng3 Bg6 15. Re1 Re8 16. Bg5 f6 17. Be3 a5 18. Bxb6 cxb6 19. Nh4 Bf7 20. Qf3 Bf8 21. c4 Qd7 22. Rad1 Rad8 23. Ne4 Be6 24. Qg3 Kh8 25. Kh1 Qf7 26. Qf3 Rd7 27. g4 Red8 28. Re3 Bxc4 29. dxc4 Rxd1+ 30. Kg2 Qxc4 31. g5 Qf1+ 32. Kg3 R1d3 33. Ng2 Rxe3 34. Nxe3 Qg1+ 35. Kh4 fxg5+ 36. Nxg5 Rd4+ 37. Ng4 Be7 38. Qf5 Rxg4+ 39. Qxg4 Qxf2+ 40. Kh5 g6+ 0-1


[Site "https://www.chess.com"]

[Event "Titled Tuesday Blitz May 9 Early 2023"]
[White "Bazeev, German"]
[Black "Bayasgalan, Khishigbaatar"]
[WhiteFideId "24119350"]
[BlackFideId "4904311"]
[WhiteElo "2466"]
[BlackElo "2057"]
[Result "0-1"]
[Round "03"]
[TimeControl "180+2"]
[Date "2023.05.09"]
[WhiteClock "0:00:41"]
[BlackClock "0:00:03"]

1. c4 Nf6 2. Nc3 e6 3. e4 c5 4. f4 Nc6 5. Nf3 d5 6. e5 d4 7. exf6 dxc3 8. dxc3 Qxd1+ 9. Kxd1 gxf6 10. g3 b6 11. Bg2 Bb7 12. Ke2 O-O-O 13. Be3 Bg7 14. f5 Rhe8 15. Rad1 h5 16. b3 e5 17. Rxd8+ Rxd8 18. Rd1 Rxd1 19. Kxd1 Ne7 20. Ke2 Nxf5 21. Bh3 Be4 22. Nd2 Bc2 23. Bf2 Kc7 24. Bg2 Nd6 25. Nf1 Be4 26. Bxe4 Nxe4 27. Ne3 Bh6 28. Nd5+ Kd6 29. Be1 f5 30. a4 Bg5 31. b4 Bd8 32. Kd3 Nf6 33. Ne3 e4+ 34. Ke2 Ke6 35. Ng2 Bc7 36. Bf2 Nd7 37. Be3 Be5 38. Kd2 a6 39. Kc2 a5 40. Kb3 Bd6 41. bxa5 bxa5 42. Bg5 f6 43. Be3 Nf8 44. Bf4 Ng6 45. Be3 h4 46. gxh4 f4 47. h5 fxe3 48. hxg6 e2 49. Kc2 Bxh2 50. Kd2 f5 51. Kxe2 Kf6 52. Ne3 Kxg6 53. Nd5 0-1


[Site "https://www.chess.com"]

[Event "Titled Tuesday Blitz May 9 Early 2023"]
[White "Gatterer, Florian"]
[Black "Beerdsen, Thomas"]
[WhiteFideId "811688"]
[BlackFideId "1030108"]
[WhiteElo "2221"]
[BlackElo "2549"]
[Result "0-1"]
[Round "03"]
[TimeControl "180+2"]
[Date "2023.05.09"]
[WhiteClock "0:00:00"]
[BlackClock "0:01:20"]

1. c4 Nf6 2. g3 h5 3. Nf3 c6 4. d4 d6 5. Nc3 Bf5 6. Bg2 Nbd7 7. Bf4 Qb6 8. Qb3 Qa6 9. O-O Ne4 10. Nxe4 Bxe4 11. Nd2 Bxg2 12. Kxg2 h4 13. e4 e6 14. Qc3 Be7 15. a4 d5 16. b4 Qb6 17. a5 Qd8 18. a6 b5 19. cxb5 cxb5 20. exd5 exd5 21. Qc6 O-O 22. Qxd5 Bxb4 23. Nf3 h3+ 24. Kxh3 Bc3 25. Rab1 b4 26. Kg2 Rc8 27. Bd2 Re8 28. Rfc1 Rc7 29. Bxc3 bxc3 30. Rb7 Re2 31. Qb3 Rb2 32. Qd5 Rbxb7 33. axb7 Qb8 34. Qb3 Nf6 35. Rxc3 Rxc3 36. Qxc3 Qxb7 37. Qc5 Qa8 38. h3 a5 39. g4 a4 40. Qa3 Ne4 41. d5 f6 42. d6 Qc6 0-1


[Site "https://www.chess.com"]

[Event "Titled Tuesday Blitz May 9 Early 2023"]
[White "Molina, Roberto Junio Brito"]
[Black "ArrestingPieces"]
[WhiteFideId "2109450"]
[WhiteElo "2376"]
[BlackElo "2384"]
[Result "0-1"]
[Round "03"]
[TimeControl "180+2"]
[Date "2023.05.09"]
[WhiteClock "0:00:19"]
[BlackClock "0:00:57"]

1. d4 d5 2. c4 e6 3. Nc3 Be7 4. cxd5 exd5 5. Bf4 Nf6 6. e3 O-O 7. Bd3 c5 8. Nf3 Nc6 9. dxc5 Bxc5 10. O-O d4 11. Na4 Bd6 12. Bxd6 Qxd6 13. exd4 Rd8 14. Re1 Bg4 15. Be2 Nxd4 16. Nxd4 Qxd4 17. Bxg4 Qxg4 18. Qxg4 Nxg4 19. h3 Nf6 20. Re7 b6 21. Rc1 Rd7 22. Rxd7 Nxd7 23. Rc7 Nf6 24. Nc3 h6 25. Nb5 a6 26. Nd6 Rd8 27. Nxf7 Rd2 28. Ne5 Rxb2 29. a4 Rb4 30. Rb7 Nd5 31. Rd7 Nc3 32. a5 bxa5 33. Rd6 Rb1+ 34. Kh2 a4 35. Rxa6 Ra1 36. Nc4 Nb1 37. Nd6 a3 38. Nf5 a2 39. Ne3 Nc3 40. Ra8+ Kh7 41. Nd5 Nxd5 0-1


[Site "https://www.chess.com"]

[Event "Titled Tuesday Blitz May 9 Early 2023"]
[White "Visakh N R"]
[Black "Rangel, Daniel"]
[WhiteFideId "25012223"]
[BlackFideId "2124475"]
[WhiteElo "2466"]
[BlackElo "2256"]
[Result "1-0"]
[Round "03"]
[TimeControl "180+2"]
[Date "2023.05.09"]
[WhiteClock "0:01:37"]
[BlackClock "0:00:28"]

1. e4 c5 2. Nf3 g6 3. c3 Bg7 4. d4 cxd4 5. cxd4 d5 6. e5 Bg4 7. Nc3 e6 8. Nb5 Kf8 9. Be2 Ne7 10. O-O Bxf3 11. Bxf3 Nbc6 12. Be3 Nf5 13. Bg4 h5 14. Bxf5 gxf5 15. Rc1 h4 16. Nd6 h3 17. g3 Qd7 18. Qb3 Rb8 19. Rc3 Nxe5 20. dxe5 Bxe5 21. Nb5 Bxc3 22. Qxc3 Rh7 23. Qe5 Rc8 24. Nxa7 Ra8 25. Rc1 Qa4 26. Nc8 Qe4 27. Bc5+ Kg8 28. Ne7+ Kf8 29. Nxf5+ Kg8 30. Ne7+ Kf8 31. Nxd5+ 1-0


[Site "https://www.chess.com"]

[Event "Titled Tuesday Blitz May 9 Early 2023"]
[White "Rodshtein, Maxim"]
[Black "Alahakoon, Isuru"]
[WhiteFideId "2806851"]
[BlackFideId "9900993"]
[WhiteElo "2555"]
[BlackElo "1953"]
[Result "1-0"]
[Round "03"]
[TimeControl "180+2"]
[Date "2023.05.09"]
[WhiteClock "0:00:19"]
[BlackClock "0:00:00"]

1. e4 d5 2. exd5 Nf6 3. d4 Bg4 4. Be2 Bxe2 5. Qxe2 Qxd5 6. Nf3 Nc6 7. O-O O-O-O 8. Rd1 e6 9. c4 Qh5 10. Nc3 Bd6 11. h3 h6 12. Be3 g5 13. d5 exd5 14. cxd5 Ne5 15. Nd4 Qxe2 16. Ndxe2 Rhe8 17. b3 Ned7 18. Rac1 a6 19. Nd4 g4 20. Nf5 gxh3 21. Nxd6+ cxd6 22. Ne4+ Kb8 23. Nxd6 Rg8 24. g3 Ne5 25. Bf4 Nfd7 26. Nxf7 Rde8 27. Kh2 Ka8 28. Nxe5 Nxe5 29. Kxh3 Ng6 30. Be3 h5 31. d6 Ne5 32. Rd5 Nd7 33. Rc7 Nf6 34. Rf5 Ng4 35. d7 Rd8 36. Bg5 1-0


[Site "https://www.chess.com"]

[Event "Titled Tuesday Blitz May 9 Early 2023"]
[White "Orzech, Dominik"]
[Black "Moroni, Luca Jr"]
[WhiteFideId "1115065"]
[BlackFideId "865834"]
[WhiteElo "2260"]
[BlackElo "2569"]
[Result "0-1"]
[Round "03"]
[TimeControl "180+2"]
[Date "2023.05.09"]
[WhiteClock "0:00:21"]
[BlackClock "0:00:22"]

1. d4 g6 2. Nf3 Bg7 3. c4 d6 4. g3 Bd7 5. Bg2 Qc8 6. Qb3 Nc6 7. d5 Ne5 8. Nxe5 Bxe5 9. Nd2 Bg7 10. O-O Nf6 11. e4 b6 12. Re1 e5 13. dxe6 Bxe6 14. e5 dxe5 15. Qb5+ Nd7 16. Bxa8 Qxa8 17. Ne4 O-O 18. Ng5 Bf5 19. Qd5 Qxd5 20. cxd5 Nc5 21. Be3 Nd3 22. Re2 e4 23. Rb1 h6 24. Nxe4 Bxe4 25. Bxh6 f5 26. Bxg7 Kxg7 27. Rd1 Rf7 28. Red2 Ne5 29. Kf1 Nf3 30. Re2 Nxh2+ 31. Ke1 Nf3+ 32. Kf1 Rd7 33. Re3 Kf6 34. b4 g5 35. Ra3 Ke5 36. Rxa7 Bxd5 37. Kg2 g4 38. a4 Rh7 39. Rc1 Nd4+ 40. Kf1 Rh1# 0-1


[Site "https://www.chess.com"]

[Event "Titled Tuesday Blitz May 9 Early 2023"]
[White "Papadiamandis, Elliot"]
[Black "Smith, Shreyas"]
[WhiteFideId "36074160"]
[BlackFideId "7400713"]
[WhiteElo "2219"]
[BlackElo "2151"]
[Result "1/2-1/2"]
[Round "03"]
[TimeControl "180+2"]
[Date "2023.05.09"]
[WhiteClock "0:00:04"]
[BlackClock "0:00:17"]

1. e4 c5 2. Nc3 Nc6 3. Nge2 e5 4. g3 g6 5. Bg2 Bg7 6. d3 Nge7 7. O-O O-O 8. Be3 d6 9. f4 f5 10. Qd2 Nd4 11. Rae1 Rb8 12. fxe5 dxe5 13. exf5 Bxf5 14. Bg5 Qd7 15. Ne4 b6 16. Bh6 Bh3 17. Bxg7 Kxg7 18. Nxd4 Bxg2 19. Kxg2 Qxd4 20. Nc3 Nf5 21. Re4 Qd6 22. Rfe1 Rbe8 23. Kg1 Nd4 24. Rxd4 exd4 25. Ne4 Qe5 26. Kg2 Qf5 27. Qe2 Re7 28. b3 Ref7 29. a4 Qf3+ 30. Qxf3 Rxf3 31. a5 Re3 32. Ra1 Re2+ 33. Kh3 Rxc2 34. axb6 axb6 35. Ra6 Rb8 36. Ra7+ Kh6 37. Nf6 Rh8 38. Ng4+ Kg5 39. Re7 Kh5 40. Nf6+ Kg5 41. Ng4 Kh5 42. Nf6+ Kg5 43. Ng4 1/2-1/2


[Site "https://www.chess.com"]

[Event "Titled Tuesday Blitz May 9 Early 2023"]
[White "Delorme, Alban"]
[Black "Djordjevic, Vuk"]
[WhiteFideId "623636"]
[BlackFideId "902098"]
[WhiteElo "2196"]
[BlackElo "2452"]
[Result "0-1"]
[Round "03"]
[TimeControl "180+2"]
[Date "2023.05.09"]
[WhiteClock "0:02:25"]
[BlackClock "0:01:52"]

1. e4 e6 2. d4 d5 3. Nc3 Bb4 4. e5 c5 5. a3 Bxc3+ 6. bxc3 Ne7 7. h4 Qc7 8. h5 cxd4 9. cxd4 Qc3+ 10. Bd2 Qxd4 11. Nf3 Qe4+ 12. Be3 Qa4 13. h6 gxh6 14. Rh4 Qa5+ 15. Bd2 Qc7 16. Bd3 Ng6 17. Rh5 Nc6 18. Qe2 Bd7 19. Bxh6 O-O-O 20. Bg7 Nf4 0-1


[Site "https://www.chess.com"]

[Event "Titled Tuesday Blitz May 9 Early 2023"]
[White "Nissinen, Niilo Man"]
[Black "Peng, Li Min"]
[WhiteFideId "30950767"]
[BlackFideId "14112620"]
[WhiteElo "1952"]
[BlackElo "2436"]
[Result "0-1"]
[Round "03"]
[TimeControl "180+2"]
[Date "2023.05.09"]
[WhiteClock "0:00:11"]
[BlackClock "0:02:10"]

1. e4 Nc6 2. d4 d5 3. exd5 Qxd5 4. Nf3 Bg4 5. Be2 O-O-O 6. c4 Qa5+ 7. Bd2 Qf5 8. d5 Bxf3 9. Bxf3 Ne5 10. Be2 Nf6 11. O-O e6 12. Qa4 a6 13. dxe6 fxe6 14. Bc3 Ne4 15. Qc2 Bc5 16. Bxe5 Bxf2+ 17. Kh1 Ng3+ 18. Bxg3 Qxc2 19. Nc3 Bxg3 20. hxg3 Qxb2 21. Rac1 Rhf8 22. Rfe1 Rd2 23. Bg4 Rxg2 0-1


[Site "https://www.chess.com"]

[Event "Titled Tuesday Blitz May 9 Early 2023"]
[White "Kaasen, Tor Fredrik"]
[Black "Samaganova, Aleksandra"]
[WhiteFideId "1516647"]
[BlackFideId "13800221"]
[WhiteElo "2349"]
[BlackElo "1858"]
[Result "1-0"]
[Round "03"]
[TimeControl "180+2"]
[Date "2023.05.09"]
[WhiteClock "0:01:05"]
[BlackClock "0:00:16"]

1. e4 c5 2. Nf3 e6 3. g3 Nc6 4. Bg2 g6 5. O-O Bg7 6. Re1 Nge7 7. c3 d5 8. e5 O-O 9. d4 cxd4 10. cxd4 h6 11. Nc3 a6 12. h4 Nf5 13. Bf4 Qb6 14. Na4 Qa7 15. Be3 Nxe3 16. Rxe3 Ne7 17. Rc1 Nf5 18. Rec3 Bd7 19. Nc5 Bc6 20. Bh3 a5 21. h5 Ne7 22. hxg6 Nxg6 23. Qd3 Ne7 24. Nh4 a4 25. Kg2 Qa5 26. Rh1 Bb5 27. Qc2 b6 28. Nxe6 fxe6 29. Bxe6+ Kh8 30. Ng6+ Nxg6 31. Qxg6 Be8 32. Rxh6+ Bxh6 33. Qxh6# 1-0


[Site "https://www.chess.com"]

[Event "Titled Tuesday Blitz May 9 Early 2023"]
[White "Yonal, Timur"]
[Black "Fernandez Guillen, Ernesto J."]
[WhiteFideId "44115725"]
[BlackFideId "3512428"]
[WhiteElo "1966"]
[BlackElo "2429"]
[Result "0-1"]
[Round "03"]
[TimeControl "180+2"]
[Date "2023.05.09"]
[WhiteClock "0:00:03"]
[BlackClock "0:01:52"]

1. e4 e5 2. Nf3 Nc6 3. Bb5 f5 4. d3 fxe4 5. dxe4 Nf6 6. Qe2 d6 7. Qc4 Bd7 8. O-O a6 9. Bxc6 bxc6 10. Nc3 Qe7 11. a4 g6 12. a5 Bg7 13. Rd1 Qe6 14. Qd3 O-O 15. Na4 Kh8 16. c4 c5 17. Nc3 h6 18. h3 Qf7 19. Be3 Be6 20. b3 Rab8 21. Rab1 Rxb3 22. Rxb3 Bxc4 23. Qd2 Bxb3 24. Rb1 c4 25. Nd5 Nxd5 26. exd5 Qf5 27. Rb2 g5 28. Qc3 Kh7 29. Nd2 e4 30. Bd4 Qxf2+ 0-1


[Site "https://www.chess.com"]

[Event "Titled Tuesday Blitz May 9 Early 2023"]
[White "Van Baar, Esper"]
[Black "Bilych, Olexiy"]
[WhiteFideId "1049321"]
[BlackFideId "14156504"]
[WhiteElo "2176"]
[BlackElo "2320"]
[Result "0-1"]
[Round "03"]
[TimeControl "180+2"]
[Date "2023.05.09"]
[WhiteClock "0:00:05"]
[BlackClock "0:01:23"]

1. e4 c5 2. Nf3 d6 3. Bb5+ Bd7 4. Bxd7+ Qxd7 5. c4 Nc6 6. d4 cxd4 7. Nxd4 Nf6 8. f3 Nxd4 9. Qxd4 g6 10. Be3 Bg7 11. Qd2 b5 12. cxb5 Qxb5 13. Nc3 Qa6 14. Qe2 Qxe2+ 15. Kxe2 O-O 16. Rhc1 Rab8 17. Rc2 Nd7 18. Bxa7 Rb7 19. Be3 Rfb8 20. Na4 Rb4 21. Nc3 Rxb2 22. Kd2 Ne5 23. Re1 Nc4+ 24. Kd3 Rxc2 25. Kxc2 Rb2+ 26. Kd3 Ne5+ 27. Kd4 Nxf3+ 0-1


[Site "https://www.chess.com"]

[Event "Titled Tuesday Blitz May 9 Early 2023"]
[White "Sargsyan, Shant"]
[Black "De Silva, L M S T"]
[WhiteFideId "13306766"]
[BlackFideId "9953698"]
[WhiteElo "2628"]
[BlackElo "2395"]
[Result "1-0"]
[Round "03"]
[TimeControl "180+2"]
[Date "2023.05.09"]
[WhiteClock "0:00:05"]
[BlackClock "0:00:06"]

1. g3 e5 2. c4 Nf6 3. Bg2 d5 4. cxd5 Nxd5 5. Nc3 Nb6 6. d3 Be7 7. Be3 O-O 8. Rc1 f5 9. Nf3 Nc6 10. h4 h6 11. Qb3+ Rf7 12. a3 a6 13. Bxb6 cxb6 14. Nd5 Be6 15. Nxe7+ Rxe7 16. Qc3 Rc8 17. Qd2 Rd7 18. O-O e4 19. Qe3 Bd5 20. dxe4 Bxe4 21. h5 Re7 22. Rfd1 Qe8 23. Qb3+ Kh7 24. Qxb6 Qxh5 25. Qc5 Rf8 26. b4 Qf7 27. Qc4 Qh5 28. Qc5 Qf7 29. a4 f4 30. b5 Bxf3 31. exf3 Ne5 32. g4 Ng6 33. Qc2 Kh8 34. Qc4 Qf6 35. bxa6 bxa6 36. Re1 Ne5 37. Qe4 Rfe8 38. Qb4 Qg5 39. Red1 h5 40. Qe4 hxg4 41. fxg4 Nxg4 42. Qf3 Ne5 43. Qh3+ Qh6 44. Rd6 Qxh3 45. Bxh3 Nf3+ 46. Kg2 Ng5 47. Bg4 Kg8 48. Rxa6 Ne4 49. Rac6 Nf6 50. Bf3 Re5 51. R6c4 Rg5+ 52. Kf1 Ng4 53. Bxg4 Rxg4 54. a5 Rg5 55. Ra4 Ra8 56. a6 Rd5 57. Rc7 Rd6 58. a7 g5 59. Kg2 Rdd8 60. Ra6 Rf8 61. Kf3 Rf7 62. Rxf7 Kxf7 63. Kg4 Ke7 64. Kxg5 f3 65. Kf4 Kd7 66. Kxf3 Kc7 67. Ke2 Kb7 68. Ra3 Re8+ 69. Re3 Ka8 70. Rxe8+ 1-0


[Site "https://www.chess.com"]

[Event "Titled Tuesday Blitz May 9 Early 2023"]
[White "Bok, Benjamin"]
[Black "Koellner, Ruben Gideon"]
[WhiteFideId "1017063"]
[BlackFideId "12993093"]
[WhiteElo "2657"]
[BlackElo "2314"]
[Result "1-0"]
[Round "03"]
[TimeControl "180+2"]
[Date "2023.05.09"]
[WhiteClock "0:01:00"]
[BlackClock "0:00:48"]

1. d4 d6 2. Nf3 Nf6 3. c4 g6 4. g3 Bg7 5. Bg2 O-O 6. Nc3 Nbd7 7. O-O e5 8. e4 Re8 9. h3 c6 10. Be3 Qc7 11. Qc2 a6 12. Rfd1 b5 13. dxe5 Nxe5 14. Nxe5 dxe5 15. Rac1 b4 16. Na4 Nd7 17. c5 Nf8 18. Nb6 Ra7 19. Qa4 a5 20. Rd6 Bb7 21. Rcd1 Ne6 22. Rd7 Qb8 23. Bf1 Nd4 24. Bc4 Rf8 25. Bxd4 exd4 26. Qb3 Qe5 27. Qf3 Qxc5 28. Rxf7 Kh8 29. Nd7 1-0


[Site "https://www.chess.com"]

[Event "Titled Tuesday Blitz May 9 Early 2023"]
[White "demon64fields"]
[Black "Wadsworth, Matthew J"]
[BlackFideId "415804"]
[WhiteElo "2893"]
[BlackElo "2347"]
[Result "1-0"]
[Round "03"]
[TimeControl "180+2"]
[Date "2023.05.09"]
[WhiteClock "0:01:31"]
[BlackClock "0:00:01"]

1. Nf3 d5 2. g3 Bg4 3. Ne5 Bf5 4. d4 Nd7 5. Bg2 c6 6. O-O e6 7. c4 Ngf6 8. Nc3 Be7 9. Qb3 Qb6 10. Nxd7 Nxd7 11. e4 dxe4 12. Nxe4 Nf6 13. Nc5 Bxc5 14. dxc5 Qxb3 15. axb3 Bc2 16. Bf4 a6 17. Rfc1 Be4 18. b4 Bxg2 19. Kxg2 O-O 20. Rd1 Rfd8 21. Rxd8+ Rxd8 22. b5 axb5 23. cxb5 cxb5 24. Ra7 Nd7 25. Bd6 Nb8 26. Rxb7 Nc6 27. Rxb5 f6 28. b4 e5 29. Rb7 Nd4 30. b5 Nf5 31. Be7 Rd2 32. c6 Rc2 33. Bd8 Nd6 34. Rb8 Kf7 35. c7 Ke6 36. b6 Kd7 37. b7 Rc6 38. c8=Q+ Nxc8 39. bxc8=Q+ Rxc8 40. Rxc8 Kxc8 41. Ba5 Kd7 42. Kf3 Ke6 43. Ke3 h5 44. f3 Kf5 45. Bc3 g5 46. h3 g4 47. fxg4+ hxg4 48. h4 Ke6 49. Kd3 f5 50. Ke3 Kf6 51. Bb2 Ke6 52. h5 Kf6 53. h6 Kg6 54. Bxe5 Kxh6 55. Kf4 Kg6 56. Bb2 1-0


[Site "https://www.chess.com"]

[Event "Titled Tuesday Blitz May 9 Early 2023"]
[White "Sadykov, Ramil"]
[Black "Galchenko, Matvey"]
[WhiteFideId "24113590"]
[BlackFideId "24175480"]
[WhiteElo "2245"]
[BlackElo "2423"]
[Result "0-1"]
[Round "03"]
[TimeControl "180+2"]
[Date "2023.05.09"]
[WhiteClock "0:00:00"]
[BlackClock "0:00:07"]

1. Nf3 c5 2. e4 g6 3. c4 Bg7 4. d4 cxd4 5. Nxd4 Nc6 6. Be3 Nf6 7. Nc3 O-O 8. Be2 d6 9. O-O Nxd4 10. Bxd4 a5 11. Rc1 Bd7 12. Qd2 Bc6 13. f3 a4 14. Rfd1 Qa5 15. Rc2 Nd7 16. Be3 Rfc8 17. Rdc1 Qd8 18. Nd5 Bxd5 19. cxd5 Nc5 20. Qb4 Qa5 21. Qxa5 Rxa5 22. b4 axb3 23. axb3 Ra3 24. Rb1 Rca8 25. Kf2 Ra2 26. Rxa2 Rxa2 27. Kf1 Ra3 28. Bc4 Nd7 29. Kf2 Ra2+ 30. Kf1 Ne5 31. Be2 Ra3 32. Kf2 Ra2 33. Kf1 h5 34. Rc1 Rb2 35. Rc7 Rxb3 36. Kf2 Bf6 37. h3 Rb2 38. f4 Nd3+ 39. Kf3 Ne1+ 40. Kf2 Nc2 0-1


[Site "https://www.chess.com"]

[Event "Titled Tuesday Blitz May 9 Early 2023"]
[White "Gharibyan, Mamikon"]
[Black "Guerra Tulcan, Lenin"]
[WhiteFideId "13308300"]
[BlackFideId "3601382"]
[WhiteElo "2445"]
[BlackElo "2368"]
[Result "1-0"]
[Round "03"]
[TimeControl "180+2"]
[Date "2023.05.09"]
[WhiteClock "0:00:34"]
[BlackClock "0:00:08"]

1. e4 c5 2. Nf3 e6 3. c3 Nc6 4. d4 cxd4 5. cxd4 d5 6. e5 Nge7 7. Nc3 Nf5 8. h4 Be7 9. h5 h6 10. a3 Qb6 11. Bb5 Bd8 12. Kf1 a6 13. Ba4 Bd7 14. Bxc6 bxc6 15. Na4 Qa7 16. Nc5 Bb6 17. b4 Bxc5 18. dxc5 a5 19. g4 Ne7 20. Bd2 axb4 21. Bxb4 Qa6+ 22. Qe2 O-O 23. Qxa6 Rxa6 24. Ke2 Rb8 25. Nd4 Nc8 26. Rhb1 Na7 27. a4 Nc8 28. f4 Rba8 29. a5 Na7 30. Rf1 Rb8 31. Rab1 Nb5 32. Ke3 Nxd4 33. Kxd4 Rb5 34. Bc3 Ra8 35. Rxb5 cxb5 36. f5 Ra6 37. f6 g5 38. hxg6 fxg6 39. f7+ Kf8 40. Bd2 g5 41. Rf6 Bc8 42. c6 Ra7 43. Bb4+ 1-0


[Site "https://www.chess.com"]

[Event "Titled Tuesday Blitz May 9 Early 2023"]
[White "Spitzl, Vinzent"]
[Black "Donchenko, Alexander"]
[WhiteFideId "12901253"]
[BlackFideId "24603295"]
[WhiteElo "2225"]
[BlackElo "2554"]
[Result "1/2-1/2"]
[Round "03"]
[TimeControl "180+2"]
[Date "2023.05.09"]
[WhiteClock "0:00:09"]
[BlackClock "0:00:19"]

1. e4 c6 2. d4 d5 3. exd5 cxd5 4. Bd3 Nc6 5. c3 Qc7 6. Ne2 Bg4 7. h3 Bh5 8. O-O e6 9. Qe1 Nf6 10. Bf4 Bd6 11. Bxd6 Qxd6 12. Nd2 Bg6 13. Bxg6 hxg6 14. Nc1 O-O 15. Nd3 Nd7 16. Nf3 b5 17. a3 a5 18. b4 Nb6 19. Nfe5 Nxe5 20. Qxe5 Qxe5 21. dxe5 Rfc8 22. Nc5 Na4 23. Nxa4 bxa4 24. Rfc1 Kf8 25. Rab1 Rc7 26. Kf1 Ke7 27. Ke2 Kd7 28. Kd3 Rc4 29. f3 g5 30. bxa5 Rxa5 31. Rb7+ Rc7 32. Rxc7+ Kxc7 33. c4 Rc5 34. Kd4 Kb6 35. Rc2 dxc4 36. Rxc4 Rd5+ 37. Ke4 Rd2 38. g4 Re2+ 39. Kd4 Rh2 40. Rxa4 Rxh3 41. Ke4 Rh1 42. Ra8 Re1+ 43. Kd4 Rd1+ 44. Ke4 Rd7 45. a4 Kc5 46. a5 Rd4+ 47. Ke3 Ra4 48. Ra7 Rf4 49. a6 Kb6 50. Ra8 Rc4 51. a7 Rc3+ 52. Ke4 Rc4+ 53. Ke3 Rc3+ 54. Ke4 Rc4+ 55. Ke3 1/2-1/2


[Site "https://www.chess.com"]

[Event "Titled Tuesday Blitz May 9 Early 2023"]
[White "Remizov, Yaroslav"]
[Black "Skliarov, Viktor"]
[WhiteFideId "34134015"]
[BlackFideId "14106736"]
[WhiteElo "2400"]
[BlackElo "2317"]
[Result "1-0"]
[Round "03"]
[TimeControl "180+2"]
[Date "2023.05.09"]
[WhiteClock "0:00:53"]
[BlackClock "0:00:01"]

1. Nf3 g6 2. c4 Bh6 3. d4 Bxc1 4. Qxc1 Nf6 5. Nc3 d6 6. g3 Nc6 7. Bg2 a6 8. O-O O-O 9. Rd1 Bg4 10. h3 Bxf3 11. Bxf3 Rb8 12. Kg2 Kg7 13. h4 h5 14. Nd5 e5 15. e3 exd4 16. exd4 Nxd5 17. cxd5 Ne7 18. Qc3 Qd7 19. Rac1 Rbc8 20. Be4 Ng8 21. Re1 Rfe8 22. Bf3 Nf6 23. Rxe8 Qxe8 24. b3 Qb5 25. a4 Qd7 26. Qb4 b6 27. Qc4 a5 28. Qc3 Qf5 29. Qc6 g5 30. hxg5 Qxg5 31. Rh1 Ng4 32. Qc1 Qxc1 33. Rxc1 Kg6 34. Rc2 Nf6 35. Kh3 Kg5 36. Bg2 Kf5 37. f4 Kg6 38. Kh4 Kh6 39. Bf3 Kg6 40. Rc1 Re8 41. Rxc7 Re3 42. Bd1 Re1 43. Kh3 Rxd1 44. Rc6 Rxd4 45. Rxd6 Rxd5 46. Rxb6 Rd3 47. Rb5 Ne4 48. Kh4 Nxg3 49. Rg5+ Kf6 50. Rxg3 Rd4 51. Rc3 Rxf4+ 52. Kxh5 Rb4 53. Rf3+ Ke6 54. Kg5 Rb6 55. Rf6+ Ke5 56. Rxb6 1-0


[Site "https://www.chess.com"]

[Event "Titled Tuesday Blitz May 9 Early 2023"]
[White "Seo, Jung Min"]
[Black "Danielyan, Vahe"]
[WhiteFideId "1734687"]
[BlackFideId "13304828"]
[WhiteElo "2468"]
[BlackElo "2423"]
[Result "1-0"]
[Round "03"]
[TimeControl "180+2"]
[Date "2023.05.09"]
[WhiteClock "0:00:33"]
[BlackClock "0:00:05"]

1. Nf3 Nf6 2. g3 b6 3. Bg2 Bb7 4. O-O e6 5. d4 Be7 6. c4 O-O 7. Re1 Na6 8. a3 c5 9. d5 exd5 10. Nh4 Nc7 11. Nc3 Ne4 12. Nxd5 Nxd5 13. cxd5 Bxh4 14. Bxe4 Bf6 15. Rb1 Re8 16. Qc2 g6 17. Bg2 d6 18. Bd2 Qd7 19. e4 Re7 20. Bc3 Bxc3 21. bxc3 Rae8 22. c4 f5 23. Re3 fxe4 24. Rbe1 b5 25. Bxe4 bxc4 26. Qxc4 Qd8 27. h4 Qa5 28. Qe2 Bc8 29. h5 Bf5 30. Bxf5 Rxe3 31. fxe3 gxf5 32. Qf2 Qc3 33. Re2 Qd3 34. Kh2 Qxd5 35. Rd2 Qe5 36. Qf3 c4 37. Qc6 c3 38. Rd3 f4 39. Qc4+ Kf8 40. gxf4 Qxh5+ 41. Kg3 Qg6+ 42. Kf2 Qh5 43. Rxc3 Qh2+ 44. Ke1 Qg1+ 45. Kd2 Qf2+ 46. Qe2 Qg1 47. Rc7 Qa1 48. Qc4 Qb2+ 49. Kd1 Qb1+ 50. Ke2 Qb2+ 51. Kf3 Qf6 52. Rxh7 Qg6 53. Rh8+ Ke7 54. Qc7+ Ke6 55. Rxe8+ Qxe8 56. Qxa7 Qc6+ 57. Kg3 Qc1 58. e4 Qe1+ 59. Kf3 Qh1+ 60. Ke2 Qxe4+ 61. Qe3 Kf5 62. Qxe4+ Kxe4 63. a4 Kxf4 64. a5 Ke5 65. a6 Ke6 66. a7 Kd7 67. a8=Q Kc7 68. Qd5 Kc8 69. Qxd6 Kb7 70. Kd3 Ka8 71. Qd7 1-0


[Site "https://www.chess.com"]

[Event "Titled Tuesday Blitz May 9 Early 2023"]
[White "Perez Ponsa, Federico"]
[Black "Moore, Nicholas"]
[WhiteFideId "117927"]
[BlackFideId "4303709"]
[WhiteElo "2590"]
[BlackElo "2529"]
[Result "1-0"]
[Round "03"]
[TimeControl "180+2"]
[Date "2023.05.09"]
[WhiteClock "0:00:21"]
[BlackClock "0:00:22"]

1. e4 c5 2. Nc3 e6 3. Nf3 Nc6 4. d4 cxd4 5. Nxd4 Qc7 6. Be3 a6 7. Qd2 Nf6 8. f4 Bb4 9. Bd3 b5 10. a3 Bxc3 11. Qxc3 Bb7 12. O-O-O Rc8 13. Rhe1 O-O 14. Nxc6 Qxc6 15. Qxc6 Bxc6 16. Bd4 d6 17. Kd2 Rfe8 18. Bxf6 gxf6 19. g4 Kf8 20. Re3 h6 21. Rh3 Kg7 22. Rg1 Rh8 23. Rh5 Rcd8 24. Ke3 d5 25. e5 d4+ 26. Kd2 Bd5 27. exf6+ Kxf6 28. h4 Ke7 29. Re1 Kd6 30. Rg1 Rdg8 31. Rg3 f6 32. b4 Ke7 33. g5 hxg5 34. Rxh8 Rxh8 35. hxg5 fxg5 36. fxg5 Rh2+ 37. Kc1 Rg2 38. Rxg2 Bxg2 39. Kd2 e5 40. c3 Ke6 41. cxd4 exd4 42. g6 Kf6 43. Ke2 Bd5 44. Kf2 Be6 45. Kg3 Bd5 46. Kf4 Bc6 47. Bc2 Bd5 48. Bb1 Bc4 49. Be4 d3 50. Ke3 Kg7 51. Bxd3 Bxd3 52. Kxd3 Kxg6 53. Kd4 Kf6 54. Kc5 Ke6 55. Kb6 Kd6 56. Kxa6 Kc6 57. Ka5 Kc7 58. Kxb5 Kb7 59. a4 Ka7 60. a5 Kb8 61. a6 Ka8 62. Ka5 Kb8 63. b5 Ka8 64. b6 Kb8 65. Kb5 Ka8 66. Kc6 Kb8 67. a7+ Ka8 68. b7+ Kxa7 69. Kc7 Ka6 70. b8=Q Ka5 71. Qb3 Ka6 72. Qa4# 1-0


[Site "https://www.chess.com"]